 Dungeon Crawl Stone Soup version 0.20.0-15-g7f486f2 (webtiles) character file.

29668 Azzok the Warrior (level 13, -5/127 HPs)
             Began as a Centaur Berserker on June 15, 2017.
             Was a High Priest of Trog.
             Slain by a naga
             ... wielding a +0 scimitar
              (7 damage)
             ... on level 4 of the Lair of Beasts.
             The game lasted 00:55:57 (26363 turns).

Azzok the Warrior (Centaur Berserker)              Turns: 26363, Time: 00:55:58

Health: -5/127     AC: 12    Str: 19    XL:     13   Next: 16%
Magic:  13/13      EV:  2    Int:  6    God:    Trog [*****.]
Gold:   636        SH:  0    Dex: 18    Spells: 12/12 levels left

rFire    + . .     SeeInvis +   H - +0 shortbow
rCold    + . .     Gourm    .   (shield currently unavailable)
rNeg     . . .     Faith    .   M - +1 chain mail of Horul {SInv}
rPois    .         Spirit   .   f - +0 helmet
rElec    .         Reflect  .   n - +0 cloak of Huh Pefawk {SInv} (curse)
rCorr    .         Harm     .   P - +1 pair of gloves {Dex+3}
MR       .....                  (no barding)
Stlth    ..........             (no amulet)
Regen    0.4/turn               Q - ring of protection from cold
MPRegen  0.2/turn               R - ring of protection from fire

@: lethally poisoned (-5 -> -9), constricted, very quick
A: hooves 3, deformed body, speed 2, tough skin 3
a: Berserk, Trog's Hand, Brothers in Arms, Burn Spellbooks, Renounce Religion


You were on level 4 of the Lair of Beasts.
You worshipped Trog.
Trog was extremely pleased with you.
You were not hungry.

You visited 2 branches of the dungeon, and saw 16 of its levels.
You also visited: Labyrinth and Ossuary.

You collected 1013 gold pieces.
You spent 377 gold pieces at shops.

Inventory:

Hand Weapons
 a - a +5 spear of venom
 H - a +0 shortbow (weapon)
 V - a +4 dire flail of protection
Missiles
 m - 432 arrows (quivered)
Armour
 f - a +0 helmet (worn)
 n - the cursed +0 cloak of Huh Pefawk (worn) {SInv}
   (You found it on level 4 of the Lair of Beasts)

   It lets you see invisible.
   It has a curse placed upon it.
 D - a +0 shield
 E - the +2 leather armour "Asaec Curph" {rElec Dex+6}
   (You bought it in a shop on level 9 of the Dungeon)

   It affects your dexterity (+6).
   It insulates you from electricity.
 M - the +1 chain mail of Horul (worn) {SInv}
   (You found it in a labyrinth)

   It lets you see invisible.
 P - a +1 pair of gloves of dexterity (worn)
Jewellery
 t - an uncursed ring of protection from cold
 O - an uncursed ring of flight
 Q - a ring of protection from cold (left hand)
 R - a ring of protection from fire (right hand)
Wands
 b - a wand of clouds (0/9)
 K - a wand of acid (2/15)
Scrolls
 d - a scroll of magic mapping
 e - a scroll of immolation
 q - 2 scrolls of fear
 u - 2 scrolls of enchant weapon
 v - 6 scrolls of teleportation
 x - 7 scrolls of enchant armour
 y - 2 scrolls of recharging
 z - a scroll of summoning {unknown}
 C - 3 scrolls of blinking
 I - 2 scrolls of fog {unknown}
 J - 6 scrolls of remove curse
 L - a scroll of random uselessness {unknown}
 U - a scroll of vulnerability {unknown}
 X - a scroll of amnesia {unknown}
 Y - 3 scrolls of identify
 Z - a scroll of noise {unknown}
Potions
 g - a potion of flight {unknown}
 h - 2 potions of lignification {unknown}
 j - 2 potions of brilliance {unknown}
 l - 6 potions of heal wounds
 o - 5 potions of agility
 p - 2 potions of ambrosia
 s - 3 potions of mutation {unknown}
 w - 6 potions of curing
 A - 8 potions of cancellation
 B - 2 potions of haste {unknown}
 G - 7 potions of might {unknown}
Books
 i - a book of Transfigurations

   Spells                             Type                      Level
   a - Irradiate                      Conjuration/Transmutation    5
   b - Statue Form                    Transmutation/Earth          6
   c - Hydra Form                     Transmutation                6
   d - Dragon Form                    Transmutation                7
   Trog disapproves of the use of such an item.
 k - a book of Ice

   Spells                             Type                      Level
   a - Ice Form                       Ice/Transmutation            4
   b - Metabolic Englaciation         Hexes/Ice                    5
   c - Ozocubu's Refrigeration        Ice                          6
   d - Bolt of Cold                   Conjuration/Ice              6
   e - Freezing Cloud                 Conjuration/Ice/Air          6
   f - Simulacrum                     Ice/Necromancy               6
   Trog disapproves of the use of such an item.
 S - a book of Clouds

   Spells                             Type                      Level
   a - Poisonous Vapours              Poison/Air                   2
   b - Mephitic Cloud                 Conjuration/Poison/Air       3
   c - Conjure Flame                  Conjuration/Fire             3
   d - Freezing Cloud                 Conjuration/Ice/Air          6
   e - Ring of Flames                 Charms/Fire                  7
   Trog disapproves of the use of such an item.
Miscellaneous
 T - a lamp of fire (inert)
Comestibles
 c - 9 bread rations
 r - a chunk of flesh
 N - 10 fruits
 W - a meat ration


   Skills:
 - Level 15.4 Fighting
   Level 2.6 Long Blades
 - Level 9.6 Polearms
 + Level 15.1 Bows
 - Level 1.3 Armour
 - Level 1.3 Dodging


You had 12 spell levels left.
You didn't know any spells.

Dungeon Overview and Level Annotations

Branches:
Dungeon (12/15)            Temple (0/1) D:4            Lair (4/6) D:11
  Swamp (0/4) Lair:4        Snake (0/4) Lair:4          Orc (0/2) D:11

Altars:
Nemelex Xobeh
Trog
Xom

Shops:
D:4 (   D:8 :   D:9 [


Innate Abilities, Weirdness & Mutations

You have hooves in place of feet.
Armour fits poorly on your strangely shaped body.
You cover ground very quickly.
You have extremely tough skin. (AC +3)


Message History

You shoot an arrow.
The arrow hits the naga but does no damage.
The naga is almost dead.
You feel sick. The naga hits you with a scimitar.
* * * LOW HITPOINT WARNING * * *
x2 The naga constricts you.
Firing (i - inventory):
m - 434 arrows (quivered)
Press: ? - help, Shift-Dir - straight line, f/p - naga
Aim: a naga, wielding a scimitar (almost dead, constricting you, catching its breath)
You shoot an arrow. The arrow barely misses the naga.
* * * LOW HITPOINT WARNING * * *
You feel sick.
Firing (i - inventory):
m - 433 arrows (quivered)
Press: ? - help, Shift-Dir - straight line, f/p - naga
Aim: a naga, wielding a scimitar (almost dead, constricting you)
You shoot an arrow.
The arrow hits the naga but does no damage.
The naga is almost dead.
The naga hits you with a scimitar!
You die...

▒·········▒ ▒▒·······▒▒
▒▒▒▒▒▒▒▒▒········▒
▒P····▒▒········▒▒
♣······P········▒▒▒
♣♣♣♣♣♣♣♣♣♣♣♣♣♣♣♣♣···········P▒▒▒
♣§§≈≈÷♣≈≈≈♣≈≈≈≈≈♣♣♣·····)····P·▒
♣§§§···♣·♣·♣···♣···♣···········▒▒
♣§§§·····(·····(@N·····(·······▒·
♣§§≈≈♣≈≈≈≈≈≈≈≈≈≈♣♣♣·············▒
♣♣♣♣♣♣♣♣♣♣♣♣♣♣♣♣♣················
♣♣···········(·········
▒················>·····
▒▒▒▒▒▒▒▒······················
▒▒▒P▒▒P▒P·······················
▒▒················▒····(····P····
▒···························▒▒···


You could see a naga.

Vanquished Creatures
  A minotaur (Lab)
  4 hydras
  A centaur warrior (D:12)
  A two-headed ogre (D:11)
  Nergalle (D:11)
  An unseen horror (D:11)
  An ugly thing (D:11)
  A centaur zombie (D:12)
  A gargoyle (D:11)
  A black mamba (Lair:1)
  5 spiny frogs
  6 komodo dragons
  4 trolls
  A hornet (D:10)
  8 hippogriffs
  4 blink frogs (Lair:2)
  Prince Ribbit (D:8)
  2 wraiths
  A vampire (D:12)
  16 yaks
  A human (D:8)
  6 hungry ghosts
  4 hogs (D:8)
  Grum (Lair:1)
  3 basilisks
  2 nagas (Lair:4)
  4 swamp worms (Lair:4)
  A soldier ant (D:10)
  An acid dragon (D:12)
  7 water moccasins
  14 porcupines
  2 orc warriors (D:10)
  2 sky beasts
  2 black bears (D:11)
  4 ice beasts
  4 phantoms
  7 wolves (Lair:1)
  10 centaurs
  7 ogres
  10 crocodiles
  2 big kobolds
  A gnoll sergeant (D:6)
  16 bullfrogs
  A wyvern zombie (D:11)
  2 scorpions (D:6)
  9 killer bees
  5 wights
  8 howler monkeys
  7 electric eels
  4 crimson imps
  A bullfrog zombie (D:8)
  A quasit (D:10)
  6 orc priests
  4 hounds
  2 jellies
  2 bullfrog skeletons
  A centaur skeleton (D:6)
  3 iguanas
  9 orc wizards
  22 worker ants
  A hound skeleton (D:6)
  A mummy (Ossuary)
  A worker ant zombie (D:11)
  4 gnolls (D:6)
  11 adders
  4 shadow imps
  2 oozes
  3 adder skeletons
  2 adder zombies
  4 worms
  11 dart slugs
  9 leopard geckos
  48 orcs
  A ball python (D:1)
  6 giant cockroaches
  9 goblins
  16 jackals
  6 quokkas
  14 bats
  5 frilled lizards
  A giant cockroach zombie (D:5)
  5 gnoll skeletons (Ossuary)
  A jackal skeleton (D:6)
  11 kobolds
  6 kobold skeletons (Ossuary)
  14 orc skeletons (Ossuary)
  A quokka skeleton (D:9)
  A quokka zombie (D:6)
  8 rats
465 creatures vanquished.

Vanquished Creatures (others)
  A kobold (D:11)
  4 fungi
  A plant (Lair:2)
6 creatures vanquished.

Grand Total: 471 creatures vanquished

Notes
Turn   | Place    | Note
-------+----------+-------------------------------------------
     0 | D:1      | Azzok the Centaur Berserker began the quest for the Orb.
     0 | D:1      | Reached XP level 1. HP: 19/19 MP: 1/1
    52 | D:1      | Reached XP level 2. HP: 22/26 MP: 2/2
   898 | D:2      | Reached XP level 3. HP: 31/33 MP: 3/3
   975 | D:2      | Found a faded altar of an unknown god.
  1037 | D:2      | Reached ** piety under Trog
  1216 | D:2      | Found a sparkling altar of Nemelex Xobeh.
  1529 | D:3      | Reached XP level 4. HP: 37/41 MP: 4/4
  1657 | D:2      | Reached skill level 5 in Fighting
  2624 | D:3      | You fall through a shaft for 2 floors!
  2624 | D:5      | Entered Level 5 of the Dungeon
  2631 | D:5      | Reached XP level 5. HP: 50/50 MP: 5/5
  2673 | D:5      | Noticed a centaur
  2687 | D:5      | Killed a centaur
  2740 | D:5      | Noticed a phantom
  2849 | D:5      | Killed a phantom
  2849 | D:5      | Reached XP level 6. HP: 21/60 MP: 6/6
  2861 | D:5      | Found a shimmering altar of Xom.
  2991 | D:5      | Reached *** piety under Trog
  3059 | D:5      | Found a sand-covered staircase.
  3064 | Ossuary  | Entered an ossuary
  3064 | Ossuary  | Noticed a wraith
  3064 | Ossuary  | Noticed a wraith
  3064 | Ossuary  | Noticed a wraith
  3389 | Ossuary  | Noticed a wraith
  3431 | Ossuary  | Killed a wraith
  3431 | Ossuary  | Reached XP level 7. HP: 9/68 MP: 7/7
  4406 | D:4      | Found Kiwakhlalyt's Antique Weapon Emporium.
  4461 | D:4      | Reached **** piety under Trog
  5335 | D:4      | Reached XP level 8. HP: 75/79 MP: 8/8
  5493 | D:4      | Found a staircase to the Ecumenical Temple.
  6187 | D:5      | Reached skill level 10 in Fighting
  6194 | D:5      | HP: 2/79 [leopard gecko (4)]
  7191 | D:5      | Received a gift from Trog
  7436 | D:5      | Reached skill level 1 in Bows
  8355 | D:6      | Reached XP level 9. HP: 66/89 MP: 9/9
  8362 | D:6      | Reached skill level 5 in Bows
  8651 | D:6      | Received a gift from Trog
  9427 | D:7      | Received a gift from Trog
  9864 | D:8      | Noticed Prince Ribbit
  9868 | D:8      | Killed Prince Ribbit
 10033 | D:8      | Found Jogeyhul's Book Boutique.
 10318 | D:8      | Received a gift from Trog
 10799 | D:8      | Reached XP level 10. HP: 86/100 MP: 10/10
 11166 | D:8      | Noticed a moth of wrath
 11169 | D:8      | Found a bloodstained altar of Trog.
 11347 | D:9      | Reached skill level 10 in Bows
 11355 | D:9      | Reached ***** piety under Trog
 12605 | D:9      | Found Igyeghig's Antique Armour Shoppe.
 12608 | D:9      | Bought a pair of runed gloves for 195 gold pieces
 12619 | D:9      | Bought a polished leather armour for 182 gold pieces
 12619 | D:9      | Identified the +2 leather armour "Asaec Curph" {rElec Dex+6} (You bought it in a shop on level 9 of the Dungeon)
 12890 | D:10     | Entered Level 10 of the Dungeon
 13577 | D:9      | HP: 5/151 [troll (5)]
 15044 | D:11     | Found a staircase to the Orcish Mines.
 15234 | D:11     | Noticed Nergalle
 15237 | D:11     | Noticed a two-headed ogre
 15256 | D:11     | Killed Nergalle
 15256 | D:11     | Reached XP level 11. HP: 107/108 MP: 11/11
 15264 | D:11     | Killed a two-headed ogre
 15776 | D:11     | Received a gift from Trog
 16614 | D:11     | Found a staircase to the Lair.
 17022 | D:11     | Noticed a green ugly thing
 17035 | D:11     | Killed a green ugly thing
 19223 | D:12     | Noticed a centaur warrior
 19243 | D:12     | Killed a centaur warrior
 19789 | D:11     | Killed an unseen horror
 19789 | D:11     | Reached skill level 15 in Fighting
 19829 | D:11     | Noticed a five-headed hydra
 20053 | Lair:1   | Entered Level 1 of the Lair of Beasts
 20072 | Lair:1   | Noticed Grum
 20100 | Lair:1   | Killed Grum
 20164 | Lair:1   | Found a labyrinth entrance.
 20176 | Lab      | Entered a labyrinth
 20231 | Lab      | Reached XP level 12. HP: 57/119 MP: 12/12
 20361 | Lab      | Noticed a minotaur
 20376 | Lab      | Killed a minotaur
 20396 | Lab      | Identified the Volume of Stolen Souls
 20397 | Lab      | Got a spiked chain mail
 20734 | Lair:1   | Identified the +1 chain mail of Horul {SInv} (You found it in a labyrinth)
 21233 | Lair:1   | Reached skill level 15 in Bows
 21235 | Lair:1   | Received a gift from Trog
 21468 | Lair:1   | Reached skill level 1 in Polearms
 21803 | D:11     | Killed a five-headed hydra
 22705 | Lair:2   | Reached skill level 5 in Polearms
 24153 | Lair:3   | Noticed an eight-headed hydra
 24704 | Lair:3   | Killed an eight-headed hydra
 25199 | Lair:3   | Noticed a five-headed hydra
 25208 | Lair:3   | Killed a five-headed hydra
 25208 | Lair:3   | Reached XP level 13. HP: 89/127 MP: 13/13
 25861 | Lair:4   | Found a staircase to the Snake Pit.
 26123 | Lair:4   | Got a slimy cloak
 26134 | Lair:4   | Identified the cursed +0 cloak of Huh Pefawk {SInv} (You found it on level 4 of the Lair of Beasts)
 26271 | Lair:4   | Found a staircase to the Swamp.
 26361 | Lair:4   | HP: 4/127 [naga/scimitar (4)]
 26362 | Lair:4   | HP: 1/127 [poisoned by a naga (splash of poison)]
 26363 | Lair:4   | Slain by a naga

Skill      XL: |  1  2  3  4  5  6  7  8  9 10 11 12 13 |
---------------+----------------------------------------+-----
Fighting       | 4 5 7 8 9 11 12 13 15 | 15.4
Bows           | 4 9 12 14 15 | 15.1
Polearms       | 8 9 |  9.6
Long Blades    | |  2.6
Armour         | |  1.3
Dodging        | |  1.3

Action                   |  1- 3 |  4- 6 |  7- 9 | 10-12 | 13-15 || total
-------------------------+-------+-------+-------+-------+-------++-------
Melee: Falchion          |    35 |       |       |       |       ||    35
       Kick              |    23 |    69 |   194 |   397 |    40 ||   723
       Short sword       |    79 |   208 |   361 |       |       ||   648
       Spear             |       |       |   213 |  1003 |    93 ||  1309
 Fire: Shortbow          |       |       |       |       |    41 ||    41
Invok: Berserk           |       |     2 |     2 |    16 |       ||    20
       Trog's Hand       |       |     1 |       |     1 |       ||     2
       Burn Spellbooks   |       |       |       |     2 |       ||     2
Evoke: Wand              |       |       |       |    28 |     6 ||    34
       Lamp of fire      |       |       |       |     1 |       ||     1
  Use: Scroll            |       |       |     3 |    13 |     1 ||    17
       Potion            |       |       |       |     5 |       ||     5
 Stab: Sleeping          |       |       |       |     2 |       ||     2
       Confused          |       |       |       |    14 |       ||    14
  Eat: Chunk             |     1 |     6 |    23 |    38 |     3 ||    71
       Fruit             |       |       |     2 |     3 |       ||     5
       Royal jelly       |       |       |       |     6 |       ||     6
       Bread ration      |       |       |       |     1 |       ||     1
       Meat ration       |       |       |       |     3 |       ||     3
Armor: Ring mail         |    32 |       |       |       |       ||    32
       Chain mail        |    59 |    99 |   362 |   203 |    46 ||   769
       Leather armour    |       |       |       |   231 |       ||   231
Dodge: Dodged            |    50 |    47 |    38 |   194 |     4 ||   333
Block: Shield            |       |       |   188 |   362 |    24 ||   574
       Rpst.: Falchion   |    10 |       |       |       |       ||    10
